 BcadrenCrawl: Boulder Brew version 0.03.2.1-32-g00f802a9a0 (webtiles) character file.

Game seed: 7571445506596108278, levelgen mode: deterministic

1092 esc the Skirmisher (level 8, -1/57 HPs) Octopode Noble. Began on Jan 20, 2021. Slain by Duvessa ... wielding a +4 rapier of distortion (10 damage) ... on level 3 of the Dungeon. The game lasted 00:08:26 (2027 turns).

esc the Skirmisher (Octopode Noble)                 Turns: 2027, Time: 00:08:27

Health: -1/57      AC:  6    Str:  9    XL:     8 ^: 793
Magic:  9/9        EV: 15    Int: 12    God:
Gold:   170        SH:  0    Dex: 18    Spells: 9/9 levels left

rFire    . . .     Vision   .   a - +2 triple crossbow
rCold    . . .     Gourm    +   (no weapon)
rNeg     . . .     Faith    .   c - +0 hat
rPois    .         Spirit   .   q - amulet of the gourmand
rElec    .         Reflect  .   b - ring of protection
rCorr    .         Harm     .   p - ring of protection from magic
MR       +....                  r - ring of evasion
Stlth    +++.......             (no ring)
HPRegen  0.29/turn              (no ring)
MPRegen  0.19/turn              (no ring)
                                (no ring)
                                (no ring)

@: no status effects
A: almost no armour, stealthy swim, amphibious, 8 rings, constrict 8, camouflage
1, gelatinous body 1
a: no special abilities


You were on level 3 of the Dungeon.
You were completely stuffed.

You visited 1 branch of the dungeon, and saw 3 of its levels.
You also visited: Market.

You collected 90 gold pieces.
You spent 920 gold pieces at shops.

Inventory:

Weapons
 a - a +2 triple crossbow (weapon)
Armour
 c - a +0 hat (worn)
Jewellery
 b - a ring of protection (left tentacle)
 p - a ring of protection from magic (right tentacle)
 q - an amulet of the gourmand (around mantle)
 r - a ring of evasion (on tentacle)
Scrolls
 h - a scroll of magic mapping
 j - 2 scrolls of amnesia
 k - a scroll of blinking
 s - a scroll of summoning
Potions
 e - a potion of berserk rage
 f - a potion of invisibility
 g - 2 potions of mutation
 i - a potion of magic
 l - 3 potions of cancellation
 m - 2 potions of ambrosia
 n - 4 potions of curing
 o - a potion of heal wounds
Comestibles
 d - 3 rations
 t - 5 chunks of flesh


   Skills:
 + Level 6.3 Fighting
 + Level 5.6 Crossbows
 + Level 5.6 Dodging
 - Level 1.3 Stealth
 - Level 1.2 Spellcasting


You had 9 spell levels left.
You didn't know any spells.
Your spell library contained the following spells:

 Spells                   Type           Power        Failure   Level  Hunger
 Poisonous Vapours        Pois/Air       0 (50)       30%         1    ##.....
 Sting                    Pois           0 (25)       41%         2    ###....
 Ignite Poison            Fire/Tmut      0 (100)      65%         3    ####...
 Mephitic Cloud           Pois/Air       0 (100)      65%         3    ####...
 Olgreb's Toxic Radiance  Pois           0 (100)      96%         4    #####..


Dungeon Overview and Level Annotations

Branches:
Dungeon (3/8)

Altars:

Annotations:
D:3 Duvessa


Innate Abilities, Weirdness & Mutations

You cannot wear most types of armour.
You are very stealthy in the water. (Stealth+)
You are amphibious.
You can wear up to five rings at the same time.
You can use your tentacles to constrict five enemies at once.
Your skin changes colour to match your surroundings (Stealth+).
Your rubbery body absorbs attacks. (AC +1, EV +1)


Message History

You shoot a triplet of bolts.
The triplet of bolts hits Duvessa (1). x2
The triplet of bolts hits Duvessa (2).
Duvessa is severely wounded. (11/53) HP Duvessa hits you with a +4 rapier of distortion (19)!!
Duvessa hits you with a +4 rapier of distortion (3).
You blink.
A giant cockroach comes into view.
Found a ration.
Aiming:
a - a +2 triple crossbow, Range: 2 (50%)
Press: ? - help, Shift-Dir - straight line, f - phantom, p - Duvessa
Aim: a phantom (moderately damaged (23/38))
You shoot a triplet of bolts.
Duvessa blocks the triplet of bolts.
The bolt pierces through the phantom (8)!
The phantom is severely damaged. (15/38) HP Duvessa hits you with a +4 rapier of distortion (10)!
* * * LOW HITPOINT WARNING * * *
Space bends around you (5).
* * * LOW HITPOINT WARNING * * *
Duvessa hits you with a +4 rapier of distortion (10)!
You die...

..# #.#.#
#.#.##.######.#
#[# #........#
#.# #..#
##.###..#
##...##..#####
#....<.W...).#
##.>^.##e.###.#
######....###.@#
#...[.....# #.s#
#.####....# #...
####รท# ##..#
#)# #..#
#######.# ##.#
#.#.......# .%
#.....##### ##
###.#.#


You could see a phantom, Duvessa (berserk) and a giant cockroach.

Vanquished Creatures
  A water moccasin (D:2)
  An ogre (D:3)
  2 crocodiles (D:2)
  3 big kobolds (D:2)
  A bullfrog (D:2)
  Dowan (D:3)
  A hound (D:3)
  2 jellies (D:2)
  An iguana (D:3)
  3 giant cockroaches
  3 adders
  16 sewer rats (D:2)
  2 worms (D:2)
  5 cinder newts
  4 oozes
  A dart slug (D:1)
  2 leopard geckos (D:2)
  6 bats
  A goblin (D:1)
  3 hobgoblins (D:1)
  5 ball pythons (D:2)
  2 bat skeletons (D:2)
  15 kobolds
  A kobold skeleton (D:2)
  6 rats
  A rat skeleton (D:2)
  A giant blowfly (D:2)
  2 slimeheads (D:2)
  19 withered plants (D:2)
111 creatures vanquished.

Vanquished Creatures (others)
  3 kobolds (D:2)
  A bat skeleton (D:2)
  A hobgoblin skeleton (D:2)
  159 withered plants (D:2)
164 creatures vanquished.

Grand Total: 275 creatures vanquished

Notes
Turn   | Place    | Note
-------+----------+-------------------------------------------
     0 | Start Ma | esc the Octopode Noble began the quest for the Orb.
     0 | Start Ma | Reached XP level 1. HP: 13/13 MP: 2/2
     0 | Start Ma | Found Hanan's Expert Tomes.
     0 | Start Ma | Found Ocymor's Auxillary Armour.
    16 | Start Ma | Found Zonk's Mashing MeleeMart.
    24 | Start Ma | Bought an uncursed ring of protection for 440 gold pieces
    35 | Start Ma | Bought a +0 hat for 80 gold pieces
    41 | Start Ma | Bought a +0 triple crossbow for 400 gold pieces
    49 | D:1      | esc set off with the following items: a +0 triple crossbow,
                  | a ring of protection, a +0 hat, a ration
    70 | D:1      | Reached skill level 2 in Fighting
    70 | D:1      | Reached XP level 2. HP: 20/20 MP: 3/3
   188 | D:1      | Reached XP level 3. HP: 25/25 MP: 4/4
   210 | D:1      | Reached skill level 1 in Crossbows
   210 | D:1      | Reached skill level 1 in Dodging
   399 | D:1      | Reached skill level 3 in Fighting
   399 | D:1      | Reached XP level 4. HP: 31/31 MP: 5/5
   582 | D:2      | Reached XP level 5. HP: 36/36 MP: 6/6
   679 | D:2      | Noticed a water moccasin
   683 | D:2      | Killed a water moccasin
   683 | D:2      | Reached skill level 4 in Fighting
   683 | D:2      | Reached XP level 6. HP: 42/43 MP: 7/7
   755 | D:2      | Reached XP level 7. HP: 49/49 MP: 8/8
  1018 | D:2      | Reached skill level 5 in Fighting
  1261 | D:2      | Reached skill level 5 in Crossbows
  1261 | D:2      | Reached skill level 5 in Dodging
  1432 | D:2      | Reached XP level 8. HP: 57/57 MP: 9/9
  1958 | D:3      | Reached skill level 6 in Fighting
  2019 | D:3      | Noticed Dowan
  2020 | D:3      | Killed Dowan
  2021 | D:3      | Noticed Duvessa
  2027 | D:3      | Slain by Duvessa

Levels and vault maps discovered:
D:1:      dpeg_arrival_rooms_c, layout_basic
D:2:      layout_sewer
D:3:      layout_loops_ring, first_ration, serial_shops, shop,
          nicolae_tso_swordbearing_angel, uniq_ijyb, uniq_duvessa,
          uniq_blork_the_orc, uniq_pikel

Skill      XL: |  1  2  3  4  5  6  7  8 |
---------------+-------------------------+-----
Fighting       | 2 3 4 5 6 |  6.3
Crossbows      | 1 2 3 5 |  5.6
Dodging        | 1 2 3 4 5 |  5.6
Stealth        | |  1.3
Spellcasting   | |  1.2

Action                   |  1- 3 |  4- 6 |  7- 9 || total
-------------------------+-------+-------+-------++-------
Melee: Unarmed           |     4 |     6 |     4 ||    14
       Constrict         |     3 |     2 |     1 ||     6
       T. Squeeze        |     2 |     1 |       ||     3
       T. Slap           |       |     1 |       ||     1
 Fire: Triple crossbow   |    23 |    22 |    68 ||   113
  Use: Scroll            |       |       |     2 ||     2
  Eat: Chunk             |       |       |    18 ||    18
Armor: Skin              |    12 |     9 |     5 ||    26
Dodge: Dodged            |     9 |     7 |     6 ||    22
